 Dungeon Crawl Stone Soup version 0.28.0-43-g3370ac3207 (webtiles) character file.

Game seed: 7708233836460350156

245 pkoi the Gusty (level 5, -6/38 HPs)
             Began as a Demigod Air Elementalist on Mar 30, 2022.
             Mangled by a two-headed ogre
             ... wielding a +0 giant club
              (21 damage)
             ... on level 4 of the Dungeon.
             The game lasted 00:05:56 (3194 turns).

pkoi the Gusty (Demigod Air Elementalist)           Turns: 3194, Time: 00:05:56

Health: -6/38      AC:  2    Str:  9    XL:     5   Next: 53%
Magic:  4/11       EV: 12    Int: 21    God:
Gold:   178        SH:  0    Dex: 14    Spells: 1/9 levels left

rFire   . . .      SeeInvis .   f - staff of conjuration
rCold   . . .      Faith    .   (no shield)
rNeg    . . .      Spirit   .   a - +0 robe
rPois   .          Reflect  .   (no helmet)
rElec   .          Harm     .   (no cloak)
rCorr   .          Rampage  .   (no gloves)
Will    .....                   (no boots)
Stlth   ++........              (no amulet)
HPRegen 0.12/turn               (no ring)
MPRegen 0.12/turn               (no ring)

@: no status effects
A: high MP 1, forlorn, divine attributes
a: no special abilities


You were on level 4 of the Dungeon.
You visited 1 branch of the dungeon, and saw 4 of its levels.

You collected 178 gold pieces.

Inventory:

Hand Weapons
 c - a +1 mace
Missiles
 r - 2 curare-tipped darts
Armour
 a - a +0 robe (worn)
Magical Staves
 f - a staff of conjuration (weapon)
Wands
 n - a wand of charming (5)
Scrolls
 k - a scroll of enchant weapon
 m - a scroll of blinking
Potions
 e - a potion of lignification
 h - a potion of curing
 i - 2 potions of might {unknown}
 j - a potion of flight {unknown}
 l - a potion of degeneration {unknown}
 p - a potion of mutation {unknown}
 s - a potion of haste {unknown}
 t - a potion of brilliance
 u - a potion of berserk rage {unknown}


   Skills:
 - Level 1.7 Dodging
 - Level 1.7 Stealth
 - Level 2.5 Spellcasting
 - Level 3.1 Conjurations
 * Level 4.6 Air Magic


You had one spell level left.
You knew the following spells:

 Your Spells              Type           Power      Damage    Failure   Level
a - Shock                 Conj/Air       100%       1d9       2%          1
b - Static Discharge      Conj/Air       28%        N/A       4%          2
c - Apportation           Tloc           4%         N/A       14%         1
d - Airstrike             Air            11%        N/A       21%         4

Your spell library contained the following spells:

 Spells                   Type           Power      Damage    Failure   Level
 Animate Skeleton         Necr           4%         N/A       14%         1
 Beastly Appendage        Tmut           4%         N/A       14%         1
 Summon Small Mammal      Summ           8%         N/A       14%         1
 Swiftness                Air            22%        N/A       6%          3
 Wereblood                Tmut           2%         N/A       22%         2
 Ozocubu's Armour         Ice            2%         N/A       38%         3
 Spider Form              Tmut/Pois      2%         N/A       38%         3
 Metabolic Englaciation   Hex/Ice        1%         N/A       98%         5
 Simulacrum               Ice/Necr       1%         N/A       100%        6


Dungeon Overview and Level Annotations

Branches:
Dungeon (4/15)
 Temple: D:4-7


Innate Abilities, Weirdness & Mutations

You have an increased reservoir of magic. (+10% MP)
You shall have no god before yourself.
Your divine heritage dramatically boosts your attributes as you level up.


Message History

You feel a surge of power!
The zap hits the endoplasm.
The endoplasm is almost dead.
You feel a surge of power!
The zap hits the endoplasm.
You kill the endoplasm!
You can't see any susceptible monsters within range! (Use Z to cast anyway.) Magic restored.
The two-headed ogre shouts in stereo!
A two-headed ogre is nearby!
You feel a surge of power!
The zap hits the two-headed ogre.
The two-headed ogre is lightly wounded.
You feel a surge of power!
The zap hits the two-headed ogre.
The two-headed ogre is lightly wounded.
You feel a surge of power!
The zap hits the two-headed ogre.
The two-headed ogre is lightly wounded.
You feel a surge of power!
The zap misses the two-headed ogre.
You feel a surge of power!
The zap hits the two-headed ogre.
The two-headed ogre is moderately wounded.
You feel a surge of power!
The zap hits the two-headed ogre but does no damage.
The two-headed ogre is moderately wounded.
The two-headed ogre hits you with a +0 giant club!
* * * LOW HITPOINT WARNING * * *
The two-headed ogre hits you with a +0 giant club!
* * * LOW HITPOINT WARNING * * *
Aiming: Shock (safe; 2% risk of failure)
Press: ? - help, Q - select action, (/) - cycle Shift-Dir - straight line, p - two-headed ogre You feel a surge of power!
The zap hits the two-headed ogre.
The two-headed ogre is moderately wounded.
The zap hits the two-headed ogre.
The two-headed ogre is moderately wounded.
The two-headed ogre barely misses you. x2
Aiming: Shock (safe; 2% risk of failure)
Press: ? - help, Q - select action, (/) - cycle Shift-Dir - straight line You feel a surge of power!
The zap hits the two-headed ogre.
The two-headed ogre is moderately wounded.
The zap hits the two-headed ogre.
The two-headed ogre is moderately wounded.
The two-headed ogre hits you with a +0 giant club!!
Ouch! That really hurt!
You die...

#..†.# ..##.....##)..##.##.
.....# ..##.....##...##.###
#....# .. ....................
#.<..## ...# ....................
......#....#.....................
.......).......##....###..###..##
#...#......#.. #....########..##
#.............###..........#....#
#.O..#....#.....@..........#....#
#..............O...........+....#
......#..#.....##....##...##...##
..>............ #....##...##...##
.......##......##.....#.........#
#..............#......#........##
... .#.....#......#.......>##
.......#.....##...#.....#
..#....##.....#####....##


You could see a two-headed ogre.

Vanquished Creatures
  A jelly (D:4)
  An orc priest (D:3)
  Jessica (D:3)
  An orc wizard (D:3)
  4 gnolls (D:4)
  3 adders
  2 worms
  A dart slug (D:2)
  4 orcs (D:3)
  6 endoplasms
  3 giant cockroaches
  4 goblins
  6 hobgoblins
  2 quokkas
  8 ball pythons
  8 bats
  A frilled lizard (D:1)
  4 kobolds
  2 rats
62 creatures vanquished.

Notes
Turn   | Place    | Note
-------+----------+-------------------------------------------
     0 | D:1      | pkoi the Demigod Air Elementalist began the quest for the
                  | Orb.
     0 | D:1      | Reached XP level 1. HP: 14/14 MP: 5/5
   195 | D:1      | Reached skill level 3 in Air Magic
   275 | D:1      | Reached XP level 2. HP: 14/20 MP: 1/7
   571 | D:1      | Learned a level 2 spell: Static Discharge
   734 | D:2      | Reached skill level 1 in Conjurations
  1197 | D:2      | Reached XP level 3. HP: 24/26 MP: 0/8
  1573 | D:3      | Reached skill level 4 in Air Magic
  1573 | D:3      | Reached XP level 4. HP: 33/33 MP: 0/10
  1651 | D:3      | Learned a level 1 spell: Apportation
  2004 | D:3      | Noticed Jessica
  2006 | D:3      | Killed Jessica
  2407 | D:3      | Reached XP level 5. HP: 38/38 MP: 9/11
  2434 | D:3      | Learned a level 4 spell: Airstrike
  2762 | D:4      | Noticed an ogre
  2763 | D:4      | Noticed a two-headed ogre
  3194 | D:4      | Mangled by a two-headed ogre

Illustrated notes

Levels and vault maps discovered:
D:1:      saegor_arrival_miasma, layout_rooms
D:2:      layout_loops_ring, dreamdust_ecumenical_altar_hidden_monk_grotto,
          minmay_bisected
D:3:      layout_loops_ring, xom_teletrap_fun, uniq_jessica
D:4:      layout_gridville, minmay_misc_feat_more_columns

Skill      XL: |  1  2  3  4  5 |
---------------+----------------+-----
Air Magic      | 3 4 |  4.6
Conjurations   | 1 2 3 |  3.1
Spellcasting   | 2 |  2.5
Dodging        | |  1.7
Stealth        | |  1.7

Action                   |  1- 3 |  4- 6 || total
-------------------------+-------+-------++-------
Melee: Staff             |     8 |       ||     8
       Mace              |     1 |       ||     1
 Cast: Shock             |    56 |    79 ||   135
  Use: Scroll            |       |     9 ||     9
Armor: Robe              |     3 |     3 ||     6
Dodge: Dodged            |     7 |     8 ||    15
